 Dungeon Crawl Stone Soup version 0.21-a0-15-g606531c (webtiles) character file.

217 mopl the Covert (level 5, -2/45 HPs)
             Began as a Naga Assassin on May 23, 2017.
             Slain by an orc
             ... wielding a +0 mace
              (7 damage)
             ... on level 3 of the Dungeon.
             The game lasted 00:05:13 (2452 turns).

mopl the Covert (Naga Assassin)                     Turns: 2452, Time: 00:05:13

Health: -2/45      AC:  3    Str: 14    XL:     5   Next: 94%
Magic:  5/5        EV:  9    Int: 11    God:
Gold:   121        SH:  0    Dex: 13    Spells: 4/4 levels left

rFire    . . .     SeeInvis +   b - +0 blowgun
rCold    . . .     Gourm    .   (no shield)
rNeg     + . .     Faith    .   c - +0 robe
rPois    +         Spirit   .   (no helmet)
rElec    .         Reflect  .   d - +0 cloak
rCorr    .         Harm     .   (no gloves)
MR       .....                  (no barding)
Stlth    ++++......             (no amulet)
Regen    0.2/turn               h - ring of positive energy
MPRegen  0.1/turn               (no ring)

@: very slow
A: see invisible, deformed body, poison resistance, slowness 2, slow metabolism
1, spit poison 1, AC +1
a: Spit Poison


You were on level 3 of the Dungeon.
You were not hungry.

You visited 1 branch of the dungeon, and saw 3 of its levels.

You collected 121 gold pieces.

Inventory:

Hand Weapons
 a - a +2 dagger
 b - a +0 blowgun (weapon)
Missiles
 e - 17 poisoned needles (quivered)
 f - 2 curare-tipped needles
 r - 4 needles of confusion
Armour
 c - a +0 robe (worn)
 d - a +0 cloak (worn)
Jewellery
 h - a ring of positive energy (left hand)
Scrolls
 i - a scroll of teleportation {unknown}
 j - 2 scrolls of identify {unknown}
 m - a scroll of remove curse {unknown}
 n - a scroll of fear {unknown}
 o - a scroll of recharging {unknown}
 q - a scroll of fog {unknown}
 s - a scroll of amnesia {unknown}
Potions
 k - a potion of degeneration {unknown}
 l - a potion of curing {unknown}
 p - a potion of lignification {unknown}
Comestibles
 g - 3 bread rations


   Skills:
 - Level 2.0 Fighting
 + Level 3.5 Short Blades
 + Level 3.0 Throwing
 - Level 0.7 Dodging
 * Level 8.5 Stealth


You had 4 spell levels left.
You didn't know any spells.

Dungeon Overview and Level Annotations

Branches:
Dungeon (3/15)

Altars:
Sif Muna

Annotations:
D:3 fly, 2 transporters


Innate Abilities, Weirdness & Mutations

You cannot wear boots.
Your serpentine skin is tough. (AC +1)
You have supernaturally acute eyesight. (SInv)
Armour fits poorly on your strangely shaped body.
Your system is resistant to poisons. (rPois)
You cover ground very slowly.
You have a slow metabolism.
You can spit poison.


Message History

Press: ? - help, Shift-Dir - straight line, f/p - orc priest
Aim: an orc priest, wielding a whip and wearing a leather armour (heavily wounded, poisoned)
You shoot a poisoned needle. The poisoned needle hits the goblin.
The goblin is poisoned.
The goblin hits you but does no damage.
Your Throwing skill increases to level 3!
You feel a bit more experienced. The goblin hits you but does no damage.
Firing (i - inventory. (,) - cycle):
e - 19 poisoned needles (quivered)
Press: ? - help, Shift-Dir - straight line, f - goblin
Aim: a goblin (severely wounded, poisoned)
You shoot a poisoned needle.
The poisoned needle closely misses the goblin.
The poisoned needle closely misses the orc.
You kill the goblin!
Unknown command.
Firing (i - inventory. (,) - cycle):
e - 18 poisoned needles (quivered)
Press: ? - help, Shift-Dir - straight line, f - orc
Aim: an orc, wielding a mace You shoot a poisoned needle.
The poisoned needle hits the orc.
The orc is poisoned.
The orc hits you with a mace!
You die...

#.# #.#
######.#########.#
..............##.#
#############.##.#
P#≈≈≈≈≈≈≈#P8#.##)#
.#..≈≈≈≈≈#..#..#[#
/+..≈⌠≈≈≈+$©#....#
.#..P≈≈≈;#..#...)#
P#≈≈≈≈≈≈;#P8#.##@#
#############.##o# .).
..........#(#####.
###....##.##(.o((....(..
... .w..# ...
#.#o#.######( #.. ###..
...###.#.#.# #.#.) #
##.....).#># #.#.. #
...(..(..#(# #.#.. #
##...?.).#.# #.#..


You could see an orc.

Vanquished Creatures
  An orc priest (D:3)
  3 orc wizards (D:3)
  3 adders (D:2)
  2 worms
  A dart slug (D:1)
  3 leopard geckos (D:2)
  6 orcs (D:3)
  8 bats
  2 giant cockroaches
  12 goblins
  4 hobgoblins
  5 frilled lizards
  9 kobolds
  4 rats
63 creatures vanquished.

Notes
Turn   | Place    | Note
-------+----------+-------------------------------------------
     0 | D:1      | mopl the Naga Assassin began the quest for the Orb.
     0 | D:1      | Reached XP level 1. HP: 19/19 MP: 1/1
   134 | D:1      | Reached skill level 6 in Stealth
   219 | D:1      | Reached skill level 2 in Throwing
   264 | D:1      | Reached XP level 2. HP: 25/26 MP: 2/2
   851 | D:1      | Reached XP level 3. HP: 32/32 MP: 3/3
  1066 | D:2      | Reached skill level 7 in Stealth
  1239 | D:2      | Reached XP level 4. HP: 39/39 MP: 4/4
  1773 | D:3      | Found a deep blue altar of Sif Muna.
  1791 | D:3      | Reached skill level 3 in Short Blades
  1843 | D:3      | Reached skill level 8 in Stealth
  1843 | D:3      | Reached XP level 5. HP: 33/45 MP: 5/5
  2450 | D:3      | Reached skill level 3 in Throwing
  2452 | D:3      | Slain by an orc

Vault maps used:
D:1:      dpeg_arrival_boxorama, minmay_small_reverse_x
D:2:      minmay_distorted
D:3:      gammafunk_steamed_eel, led_sif_book, minivault_23

Skill      XL: |  1  2  3  4  5 |
---------------+----------------+-----
Stealth        | 6 7 8 |  8.5
Throwing       | 2 3 |  3.0
Short Blades   | 3 |  3.5
Fighting       | |  2.0
Dodging        | |  0.7

Action                   |  1- 3 |  4- 6 || total
-------------------------+-------+-------++-------
Melee: Dagger            |    86 |    53 ||   139
 Fire: Blowgun           |       |    45 ||    45
 Abil: Spit Poison       |     7 |    13 ||    20
 Stab: Sleeping          |     8 |     4 ||    12
  Eat: Chunk             |     1 |     4 ||     5
Armor: Robe              |    27 |    19 ||    46
Dodge: Dodged            |    49 |    33 ||    82
